 Dungeon Crawl Stone Soup version 0.29.1-4-g47bece8355 (webtiles) character file.

Game seed: 1367447371290851871

39 Hercules1031 the Sneak (level 3, -5/18 HPs)
             Began as a Spriggan Brigand on Dec 7, 2022.
             Killed from afar by Robin (12 damage)
             ... with a bolt of light
             ... on level 2 of the Dungeon.
             The game lasted 00:04:27 (1097 turns).

Hercules1031 the Sneak (Spriggan Brigand)           Turns: 1097, Time: 00:04:27

Health: -5/18      AC:  3    Str:  7    XL:     3   Next: 26%
Magic:  4/4        EV: 17    Int: 12    God:
Gold:   46         SH:  0    Dex: 18    Spells: 2/2 levels left

rFire   . . .      SeeInvis +   a - +2 dagger (venom)
rCold   . . .      Faith    .   (no shield)
rNeg    . . .      Spirit   .   b - +0 robe
rPois   .          Reflect  .   (helmet restricted)
rElec   .          Harm     .   c - +0 cloak
rCorr   .          Rampage  .   (gloves unavailable)
Will    .....                   (boots unavailable)
Stlth   ++........              (no amulet)
HPRegen 0.06/turn               (no ring)
MPRegen 0.09/turn               (no ring)

@: confused, very quick
A: very small, no large weapons, unfitting armour, see invisible, speed 3
a: no special abilities


You were on level 2 of the Dungeon.
You visited 1 branch of the dungeon, and saw 2 of its levels.

You collected 46 gold pieces.

Inventory:

Hand Weapons
 a - a +2 dagger of venom (weapon)
 o - a +1 dagger of protection
Missiles
 d - 9 poisoned darts (quivered)
 e - 3 curare-tipped darts
Armour
 b - a +0 robe (worn)
 c - a +0 cloak (worn)
Jewellery
 p - a ring of ice
Scrolls
 h - a scroll of brand weapon
 i - a scroll of vulnerability {unknown}
 k - a scroll of poison {unknown}
 l - a scroll of blinking {unknown}
Potions
 j - 2 potions of might {unknown}
 m - a potion of lignification {unknown}
 n - a potion of haste {unknown}


   Skills:
 + Level 1.9 Fighting
 + Level 2.6 Short Blades
 - Level 2.0 Throwing
 + Level 2.2 Dodging
 * Level 6.7 Stealth


You had 2 spell levels left.
You didn't know any spells.
Your spell library was empty.

Dungeon Overview and Level Annotations

Branches:
Dungeon (2/15)

Altars:

Annotations:
D:2 Robin


Innate Abilities, Weirdness & Mutations

You are very small and have problems with some larger weapons.
You are too small for most types of armour.
You have supernaturally acute eyesight. (SInv)
You cover ground extremely quickly. (Speed+++)


Message History

You feel better. The goblin misses you. The goblin hits you with a +0 club.
* * * LOW HITPOINT WARNING * * *
Unknown command.
You feel better. The goblin completely misses you.
The goblin closely misses you.
You hit the goblin.
The goblin looks as sick as possible!
The goblin is heavily wounded.
You closely miss the goblin.
The goblin is severely wounded.
You kill the goblin!
Robin throws the goblin at you! The goblin hits you but does no damage.
You hit the goblin.
The goblin is poisoned.
The goblin is heavily wounded.
The goblin completely misses you. The goblin hits you but does no damage.
You hit the goblin.
You kill the goblin!
Robin throws the goblin at you! The goblin misses you.
You hit the goblin.
The goblin is poisoned.
The goblin is severely wounded.
You kill the goblin!
Robin throws the goblin at you! The goblin hits you but does no damage.
The goblin misses you.
You hit the goblin.
You kill the goblin!
The goblin misses you. Robin throws the goblin at you!
You hit the goblin.
You kill the goblin!
You hit Robin but do no damage.
Robin is poisoned.
You hit Robin.
Robin is moderately wounded.
Robin drinks a potion.
Robin is healed!
Robin looks more healthy.
You hit Robin.
Robin is poisoned.
Robin is lightly wounded.
Robin hits you with a +0 club.
You hit Robin.
Robin looks as sick as possible!
Robin is moderately wounded.
Robin zaps a wand.
The bolt of light hits you!
You are confused.
Ouch! That really hurt!
You die...

####### #.....# #.....#
#
#########.....####.#####
..........^....)@g......
.########.....####.#####
.# #..........## .. ##
#.###.#####<# ..#
#.#...# #.# ..# #.#...#
#.# .# #.#...# #.# .
####.###.#####.# .....#
#.#.....#


You could see Robin (extremely poisoned).

Vanquished Creatures
  3 endoplasms (D:1)
  3 hobgoblins
  A quokka (D:1)
  2 ball pythons (D:1)
  A bat (D:1)
  A frilled lizard (D:1)
  13 goblins
  4 kobolds (D:1)
  8 rats (D:1)
36 creatures vanquished.

Vanquished Creatures (others)
  A plant (D:1)
1 creature vanquished.

Grand Total: 37 creatures vanquished

Notes
Turn   | Place    | Note
-------+----------+-------------------------------------------
     0 | D:1      | Hercules1031 the Spriggan Brigand began the quest for the
                  | Orb.
     0 | D:1      | Reached XP level 1. HP: 10/10 MP: 2/2
   212 | D:1      | Reached skill level 6 in Stealth
   524 | D:1      | Reached XP level 2. HP: 15/15 MP: 3/3
  1075 | D:2      | Reached XP level 3. HP: 18/18 MP: 4/4
  1077 | D:2      | Noticed Robin
  1097 | D:2      | Killed from afar by Robin

Illustrated notes

Levels and vault maps discovered:
D:1:      mrwooster_arrival_statue_2, layout_loops_corners,
          minmay_misc_feat_plants
D:2:      layout_basic, basic_altar, hellmonk_ecumenical_altar_arch_garden,
          kennysheep_donut, kennysheep_generic_room_9, uniq_robin

Skill      XL: |  1  2 |
---------------+-------+-----
Stealth        | 6 |  6.7
Dodging        | 2 |  2.2
Fighting       | |  1.9
Short Blades   | |  2.6
Throwing       | |  2.0

Action                   || total
-------------------------++-------
Melee: Dagger            ||    76
       Punch             ||     1
  Use: Scroll            ||     2
       Potion            ||     2
 Stab: Sleeping          ||    11
Armor: Robe              ||    11
Dodge: Dodged            ||    40
